 Dungeon Crawl Stone Soup version 0.29.1-15-g9cfb28693d (webtiles) character file.

Game seed: 12716674369804535163

1537 Arctor the Insei (level 8, 0/63 (68) HPs)
             Began as a Pale Draconian Transmuter on Feb 23, 2023.
             Was an Initiate of Okawaru.
             Slain by an orc warrior
             ... wielding a +0 trident
              (4 damage)
             ... on level 6 of the Dungeon.
             The game lasted 00:08:06 (8285 turns).

Arctor the Insei (Pale Draconian Transmuter)        Turns: 8285, Time: 00:08:06

HP:   0/63 (68)     AC:  6    Str: 13    XL:     8   Next: 56%
MP:   14/15         EV: 13    Int: 13    God:    Okawaru [......]
Gold: 364           SH:  0    Dex: 14    Spells: 12/16 levels left

rFire   . . .      SeeInvis .     - Unarmed
rCold   . . .      Faith    .   (no shield)
rNeg    . . .      Spirit   .   (body armour unavailable)
rPois   .          Reflect  .   (helmet restricted)
rElec   .          Harm     .   (no cloak)
rCorr   .          Rampage  .   (no gloves)
Will    .....                   (no boots)
Stlth   +.........              (no amulet)
HPRegen 0.20/turn               e - ring of flight
MPRegen 0.14/turn               (no ring)

@: confused, flying, drained
A: breathe steam, AC +6, unfitting armour, cold-blooded, steam resistance
a: Breathe Steam, Renounce Religion


You were on level 6 of the Dungeon.
You worshipped Okawaru.
Okawaru was noncommittal.
You visited 2 branches of the dungeon, and saw 7 of its levels.
You also visited: Sewer.

You collected 364 gold pieces.

Inventory:

Hand Weapons
 l - a +1 dagger of protection
 q - a +0 dagger of venom
Armour
 p - a +0 pair of gloves
Jewellery
 e - a ring of flight (left hand)
 k - a ring of ice
Wands
 u - a wand of light (5)
 w - a wand of digging (3)
 y - a wand of polymorph (10)
Scrolls
 b - 3 scrolls of identify
 c - a scroll of brand weapon
 d - 2 scrolls of blinking
 f - 2 scrolls of enchant armour
 g - a scroll of enchant weapon
 i - a scroll of noise {unknown}
 j - 5 scrolls of teleportation {unknown}
 s - 3 scrolls of amnesia {unknown}
 t - a scroll of acquirement {unknown}
 v - a scroll of poison {unknown}
 z - a scroll of fear {unknown}
 B - a scroll of torment {unknown}
 C - a scroll of magic mapping {unknown}
 D - a scroll of immolation {unknown}
Potions
 a - a potion of lignification
 h - 2 potions of curing {unknown}
 m - 2 potions of degeneration {unknown}
 n - 2 potions of might {unknown}
 o - 2 potions of brilliance {unknown}
 r - a potion of magic {unknown}
 x - a potion of attraction {unknown}
 E - a potion of heal wounds {unknown}
Miscellaneous
 A - a box of beasts


   Skills:
 + Level 5.2 Fighting
 + Level 4.5 Dodging
 + Level 5.6 Unarmed Combat
 + Level 4.7 Spellcasting
 + Level 5.1 Transmutations
 + Level 1.0 Evocations


You had 12 spell levels left.
You knew the following spells:

 Your Spells              Type           Power      Damage    Failure   Level
a - Beastly Appendage     Tmut           32%        N/A       2%          1
b - Spider Form           Tmut/Pois      9%         N/A       21%         3

Your spell library contained the following spells:

 Spells                   Type           Power      Damage    Failure   Level
 Wereblood                Tmut           16%        N/A       3%          2
 Apportation              Tloc           6%         N/A       19%         1
 Ozocubu's Armour         Ice            3%         N/A       50%         3
 Ice Form                 Ice/Tmut       9%         N/A       54%         4
 Alistair's Intoxication  Tmut/Pois      6%         N/A       88%         5
 Ozocubu's Refrigeration  Ice            1%         4d7       100%        7


Dungeon Overview and Level Annotations

Branches:
Dungeon (6/15)             Temple (1/1) D:4           Sewer (visited)

Altars:
Ashenzari
Cheibriados
Dithmenos
Elyvilon
Fedhas
Gozag
Hepliaklqana
Kikubaaqudgha
Makhleb
Nemelex Xobeh
Okawaru
Qazlal
Ru
Sif Muna
Trog
Uskayaw
Vehumet
Xom
Yredelemnul
Zin
The Shining One

Shops:
D:3 :

Annotations:
D:6 3 runed translucent doors, javelincjr's ghost, novice DjCj


Innate Abilities, Weirdness & Mutations

You can breathe blasts of scalding, opaque steam.
Your pale cyan-grey scales are hard. (AC +6)
You cannot fit into any form of body armour.
You are cold-blooded and may be slowed by cold attacks.
You are immune to the effects of steam.


Message History

The orc wizard is poisoned.
Your transformation is almost over.
The orc wizard hits you with a +0 dagger.
You hit the orc wizard.
The orc wizard is moderately wounded.
The orc wizard completely misses you. The orc warrior completely misses you.
You hit the orc wizard but do no damage.
The orc wizard is moderately wounded.
The orc wizard completely misses you. The orc warrior completely misses you.
You barely miss the orc wizard.
The orc wizard is moderately wounded.
The orc wizard closely misses you. The orc warrior completely misses you.
You hit the orc wizard.
The orc wizard looks even sicker.
The orc wizard is severely wounded.
The orc wizard casts a spell at you.
You are confused.
The orc wizard casts a spell.
The orc wizard flickers and vanishes!
Deactivating autopickup; reactivate with Ctrl-A.
The orc warrior barely misses you.
The orc warrior hits you with a +0 trident!
The orc closely misses you.
You hit the orc warrior but do no damage.
The orc warrior is poisoned.
Your transformation has ended.
The orc hits you with a +0 hand axe.
The orc warrior hits you with a +0 trident.
* * * LOW HITPOINT WARNING * * *
The orc warrior attacks as you move away!
The orc warrior hits you with a +0 trident!
* * * LOW HITPOINT WARNING * * *
Something hits you.
* * * LOW HITPOINT WARNING * * *
The orc attacks as you move away! The orc hits you but does no damage.
The orc warrior misses you.
You are too confused!
The orc attacks as you move away! The orc barely misses you.
Something completely misses you.
The orc warrior hits you from afar with a +0 trident.
You die...

#.......#........
#.......#........
#......##...##....
#......##'####....
#.......#.........
#.................
#.................
#........#########
#....@...# ......
#......o.#F.$($..#
#.....o..#h......#
#........#c$.....#
#........#T.....
#........#../...
#........#......
#####....###+++#
#...........


You could see a troll, an orc warrior (very poisoned), a centaur, a howler
monkey and an orc.

Vanquished Creatures
  Grinder (D:4)
  Eustachio (D:4)
  2 bullfrogs (Sewer)
  2 scorpions (D:5)
  3 wights (D:6)
  A jelly (D:5)
  A howler monkey (D:4)
  3 orc priests (D:5)
  3 hounds (D:5)
  6 orc wizards
  Natasha (thrice) (D:4)
  Terence (D:2)
  2 iguanas
  A gnoll (D:1)
  8 adders
  4 worms
  2 dart slugs (D:3)
  13 orcs
  9 endoplasms
  15 giant cockroaches
  4 hobgoblins
  4 jackals
  13 quokkas
  14 ball pythons
  3 bats (D:3)
  7 frilled lizards
  7 goblins
  6 kobolds
  3 rats
142 creatures vanquished.

Vanquished Creatures (others)
  8 plants (D:2)
8 creatures vanquished.

Grand Total: 150 creatures vanquished

Notes
Turn   | Place    | Note
-------+----------+-------------------------------------------
     0 | D:1      | Arctor the Draconian Transmuter began the quest for the
                  | Orb.
     0 | D:1      | Reached XP level 1. HP: 16/16 MP: 3/3
   320 | D:1      | Reached XP level 2. HP: 23/23 MP: 3/5
   889 | D:1      | Reached XP level 3. HP: 21/29 MP: 3/6
  1210 | D:2      | Noticed Terence
  1224 | D:2      | Killed Terence
  1242 | D:2      | Reached XP level 4. HP: 10/36 MP: 5/7
  1743 | D:2      | Found a faded altar of an unknown god.
  2585 | D:3      | Found Ywaiwil's Vocational Training.
  2966 | D:3      | Reached XP level 5. HP: 17/42 MP: 7/9
  3147 | D:3      | Learned a level 3 spell: Spider Form
  3250 | D:4      | Noticed Natasha
  3258 | D:4      | Killed Natasha
  4132 | D:4      | Noticed Eustachio
  4148 | D:4      | Killed Eustachio
  4149 | D:4      | Reached XP level 6. HP: 36/51 MP: 6/11
  4358 | D:4      | Noticed Grinder
  4383 | D:4      | Killed Grinder
  4384 | D:4      | Your scales start taking on a pale cyan-grey colour.
  4384 | D:4      | Reached XP level 7. HP: 38/58 MP: 10/12
  4384 | D:4      | Gained mutation: You are immune to the effects of steam.
                  | [Pale Draconian growth]
  4574 | D:4      | Found a staircase to the Ecumenical Temple.
  4661 | D:4      | Noticed Natasha
  4665 | D:4      | Killed Natasha
  4674 | D:4      | Noticed Natasha
  4681 | D:4      | Killed Natasha
  5196 | D:5      | Entered Level 5 of the Dungeon
  5289 | D:5      | Found a glowing drain.
  5314 | Sewer    | Entered a sewer
  5669 | Sewer    | Reached skill level 5 in Unarmed Combat
  6001 | D:5      | Reached XP level 8. HP: 63/67 MP: 11/14
  6902 | D:5      | Reached skill level 5 in Fighting
  6902 | D:5      | Reached skill level 5 in Transmutations
  7002 | Temple   | Entered the Ecumenical Temple
  7373 | Temple   | Became a worshipper of Warmaster Okawaru
  8065 | D:6      | Reached skill level 1 in Evocations
  8265 | D:6      | Noticed javelincjr's ghost (novice DjCj)
  8270 | D:6      | Found a runed translucent gate.
  8270 | D:6      | Found a runed translucent gate.
  8270 | D:6      | Found a runed translucent gate.
  8270 | D:6      | Noticed a troll
  8285 | D:6      | Slain by an orc warrior

Illustrated notes

Levels and vault maps discovered:
D:1:      nzn_arrival_depleted_hourglass, layout_basic, minmay_bisected
D:2:      layout_rooms, hellmonk_ecumenical_altar_crossroads, serial_forest,
          infiniplex_forest_clump_small, infiniplex_forest_lined_3,
          infiniplex_forest_end_double, infiniplex_forest_clump_medium,
          infiniplex_forest_lined_2, infiniplex_forest_lined_2,
          minmay_tetromino_s4, uniq_terence
D:3:      layout_loops_ring, chequers_serial_rivers_micro_b,
          nicolae_shop_vocational
D:4:      layout_basic, minmay_temple_entry_slanted, uniq_natasha,
          uniq_eustachio, uniq_grinder
D:5:      layout_basic, gup_sewer_entry_pipe
D:6:      layout_gridville, mainiacjoe_overflow_24_doors, gammafunk_ghost_split,
          uniq_crazy_yiuf_cottage, uniq_prince_ribbit1, uniq_sigmund, uniq_pikel
Temple:   mainiacjoe_temple_circle_huts

Skill      XL: |  1  2  3  4  5  6  7  8 |
---------------+-------------------------+-----
Dodging        | 2 3 4 |  4.5
Fighting       | 2 3 4 5 |  5.2
Transmutations | 3 4 5 |  5.1
Spellcasting   | 3 4 |  4.7
Unarmed Combat | 4 5 |  5.6
Evocations     | 1 |  1.0

Action                   |  1- 3 |  4- 6 |  7- 9 || total
-------------------------+-------+-------+-------++-------
Melee: Unarmed           |    80 |   230 |   193 ||   503
       Kick              |    22 |    41 |     2 ||    65
       Tailslap          |     9 |    22 |     3 ||    34
       Headbutt          |     8 |    24 |       ||    32
       Punch             |     1 |     3 |     1 ||     5
 Cast: Beastly Appendage |    18 |    40 |     3 ||    61
       Spider Form       |       |     3 |    34 ||    37
 Abil: Breathe Steam     |       |       |     6 ||     6
  Use: Scroll            |       |     5 |     1 ||     6
 Stab: Sleeping          |       |     2 |     1 ||     3
Armor: Skin              |    22 |    52 |    19 ||    93
Dodge: Dodged            |    56 |   156 |   164 ||   376
